 Dungeon Crawl Stone Soup version 0.22-a0-825-ga28c36f (console) character file.

103 tminei the Skirmisher (level 4, -13/41 HPs)
             Began as a Minotaur Abyssal Knight on July 24, 2018.
             Was a Believer of Lugonu.
             Killed by nerve-wracking pain
             ... invoked by Tovarisch's ghost
              (14 damage)
             ... on level 3 of the Dungeon.
             The game lasted 00:08:43 (1962 turns).

tminei the Skirmisher (Minotaur Abyssal Knight)     Turns: 1962, Time: 00:08:43

Health: -13/41     AC:  5    Str: 17    XL:     4   Next: 51%
Magic:  4/4        EV: 11    Int:  9    God:    Lugonu [**....]
Gold:   178        SH:  0    Dex: 10    Spells: 3/3 levels left

rFire    . . .     SeeInvis .   a - +1 hand axe
rCold    . . .     Gourm    .   (no shield)
rNeg     . . .     Faith    .   p - +0 ring mail
rPois    .         Spirit   .   (helmet restricted)
rElec    .         Reflect  .   (no cloak)
rCorr    .         Harm     .   (no gloves)
MR       .....                  (no boots)
Stlth    +.........             (no amulet)
HPRegen  0.13/turn              g - ring of stealth
MPRegen  0.09/turn              (no ring)

@: no status effects
A: retaliatory headbutt, horns 2
a: Depart the Abyss, Bend Space, Renounce Religion


You were on level 3 of the Dungeon.
You worshipped Lugonu.
Lugonu was pleased with you.
You were not hungry.

You visited 1 branch of the dungeon, and saw 3 of its levels.
You visited the Abyss 1 time.

You collected 178 gold pieces.

Inventory:

Hand Weapons
 a - a +1 hand axe (weapon)
Missiles
 m - 49 stones (quivered)
Armour
 b - a +0 leather armour
 p - a +0 ring mail (worn)
Jewellery
 g - a ring of stealth (left hand)
Scrolls
 e - 2 scrolls of fear
 h - 3 scrolls of teleportation {unknown}
 j - 3 scrolls of amnesia {unknown}
 k - a scroll of immolation {unknown}
 l - 3 scrolls of remove curse {unknown}
 n - a scroll of identify
 q - a scroll of enchant armour {unknown}
Potions
 d - a potion of heal wounds
 i - 2 potions of brilliance {unknown}
 o - a potion of flight {unknown}
 r - a potion of agility {unknown}
Comestibles
 c - 6 rations
 f - 4 chunks of flesh


   Skills:
 + Level 4.5 Fighting
 + Level 3.9 Axes
 + Level 3.3 Armour
 + Level 1.9 Dodging
 + Level 2.1 Invocations


You had 3 spell levels left.
You didn't know any spells.
Your spell library was empty.

Dungeon Overview and Level Annotations

Branches:
Dungeon (3/15)

Altars:
Sif Muna

Annotations:
D:3 Tovarisch's ghost, amateur DDNe


Innate Abilities, Weirdness & Mutations

You reflexively headbutt those who attack you in melee.
You have a pair of horns on your head.


Message History

Tovarisch's ghost is heavily damaged.
Tovarisch's ghost misses you. Tovarisch's ghost casts a spell at you.
Pain shoots through your body!
* * * LOW HITPOINT WARNING * * *
You take 7 damage, and have 11/41 hp.
Tovarisch's ghost casts a spell at you.
You barely resist.
Tovarisch's ghost points at you and mumbles some strange words.
You barely resist.
Tovarisch's ghost whispers, "There is no future for you."
The adder skeleton closely misses you. Tovarisch's ghost casts a spell at you.
Pain shoots through your body!
* * * LOW HITPOINT WARNING * * *
You take 13 damage, and have 1/41 hp.
MASSIVE DAMAGE!!
Tovarisch's ghost casts a spell at you. Pain shoots through your body!
You die... Ї ЇЇЇЇЇ

Ї... ..Ї Ї
Ї. ЇЇ Ї.
.ЇЇ ..
Ї.ЇЇЇЇЇЇЇЇ
Ї.
ЇЇ.Ї.....Ї
Ї.ЇЇ
ЇЇ......Ї
..Ї
ЇЇ.....Ї
ЇЇЇ.ЇЇЇ
ЇЇ......Ї
Ї..@.$Ї
ЇЇ.Ї.[.).Ї
ЇЇЇЇ.ЇЇЇ.Ї
...ЇЇЇЇЇЇЇ
Ї.ZW.Ї Ї
.Ї..ЇЇ
ЇZЇЇ.Ї
.....Ї
Ї.ЇЇ...
ЇЇ..ЇЇЇЇ


ЇWЇЇЇЇЇЇ .......ЇЇЇЇЇZЇ .ЇЇ.ЇЇ.ЇЇ.ЇЇ.Ї ZЇЇ.ЇЇ.Ї...ЇZЇ .ЇЇ......Z...Ї
.ЇЇЇЇЇ.Ї...ЇЇЇ ..Z.Z..ЇЇ.ЇЇ ЇЇЇЇЇЇЇЇЇЇЇ You could see Tovarisch's ghost, a
leopard gecko zombie and an adder skeleton.

Vanquished Creatures
  An adder (D:2)
  A shadow imp (D:2)
  2 worms (D:2)
  3 dart slugs (D:1)
  A leopard gecko (D:1)
  2 ball pythons (D:2)
  3 giant cockroaches
  13 goblins
  4 hobgoblins
  9 jackals
  6 kobolds
  A quokka (D:2)
  9 bats
  5 frilled lizards
  A leopard gecko skeleton (D:3)
  9 rats
70 creatures vanquished.

Notes
Turn   | Place    | Note
-------+----------+-------------------------------------------
     0 | Abyss:1  | tminei the Minotaur Abyssal Knight began the quest for the Orb.
     0 | Abyss:1  | Reached XP level 1. HP: 19/19 MP: 1/1
    17 | Abyss:1  | Found a stormy altar of Qazlal.
    94 | Abyss:1  | Noticed a large abomination
    95 | Abyss:1  | Noticed a quasit
    96 | D:1      | Escaped the Abyss
   169 | D:1      | Reached XP level 2. HP: 23/27 MP: 2/2
   247 | D:1      | Reached skill level 4 in Fighting
   315 | D:1      | Reached skill level 2 in Invocations
   317 | D:1      | Reached * piety under Lugonu
   320 | D:1      | Reached skill level 3 in Armour
   389 | D:1      | Reached XP level 3. HP: 22/33 MP: 3/3
   453 | D:1      | Reached skill level 3 in Axes
  1076 | D:2      | Reached XP level 4. HP: 39/41 MP: 4/4
  1149 | D:2      | Reached ** piety under Lugonu
  1771 | D:3      | Found a deep blue altar of Sif Muna.
  1903 | D:3      | Found a runed gate.
  1903 | D:3      | Found a runed gate.
  1904 | D:3      | Found a runed gate.
  1916 | D:3      | Noticed Tovarisch's ghost (amateur DDNe)
  1959 | D:3      | HP: 1/41 [Tovarisch's ghost/nerve-wracking pain (13)]
  1962 | D:3      | Killed from afar by Tovarisch's ghost

Vault maps used:
D:1:      saegor_arrival_simple_a, minivault_11
D:3:      lemuel_doored_altar, first_ration, gammafunk_ghost_necromancy

Skill      XL: |  1  2  3 |
---------------+----------+-----
Fighting       | 4 |  4.5
Invocations    | 2 |  2.1
Armour         | 3 |  3.3
Axes           | 3 |  3.9
Dodging        | |  1.9

Action                   |  1- 3 |  4- 6 || total
-------------------------+-------+-------++-------
Melee: Hand axe          |    88 |    56 ||   144
       Headbutt          |    11 |    11 ||    22
Invok: Depart the Abyss  |     1 |       ||     1
  Use: Scroll            |       |     3 ||     3
 Stab: Sleeping          |       |     3 ||     3
  Eat: Chunk             |     1 |     2 ||     3
Armor: Leather armour    |    40 |    12 ||    52
Dodge: Dodged            |    91 |    28 ||   119

Table legend:
 A = Spawn XP
 B = Non-spawn XP
 C = Spawn XP percentage of total XP
 D = Spawn monster count
 E = Non-spawn monster count
 F = Spawn count percentage of total count
 G = Total turns spent on level
                    A         B        C        D         E        F      G
               +---------+---------+-------+---------+---------+-------+---------
         Total |       0 |     148 |   0.0 |       0 |      70 |   0.0 |  1962
               +---------+---------+-------+---------+---------+-------+---------
           D:1 |       0 |      73 |   0.0 |       0 |      39 |   0.0 |   737
           D:2 |       0 |      71 |   0.0 |       0 |      28 |   0.0 |   869
           D:3 |       0 |       4 |   0.0 |       0 |       3 |   0.0 |   260
               +---------+---------+-------+---------+---------+-------+---------
